 Dungeon Crawl Stone Soup version 0.24.0-125-gc4c63601f3 (webtiles) character file.

Game seed: 11598118138610079413, levelgen mode: deterministic

5556 nightchill the Cruncher (level 11, -4/90 HPs)
             Began as a Formicid Fighter on Mar 15, 2020.
             Was a Follower of Uskayaw.
             Shot with an arrow by a centaur (9 damage)
             ... on level 9 of the Dungeon.
             The game lasted 00:26:43 (9957 turns).

nightchill the Cruncher (Formicid Fighter)          Turns: 9957, Time: 00:26:43

Health: -4/90      AC:  9    Str: 23    XL:     11   Next: 2%
Magic:  12/15      EV:  8    Int:  9    God:    Uskayaw [*.....]
Gold:   375        SH: 10    Dex: 10    Spells: 10/10 levels left

rFire    . . .     SeeInvis +   a - +1 quarterstaff
rCold    + . .     Gourm    .   c - +0 shield
rNeg     . . .     Faith    .   b - +0 scale mail
rPois    .         Spirit   .   (helmet unavailable)
rElec    .         Reflect  .   (no cloak)
rCorr    .         Harm     .   (no gloves)
MR       +....                  h - +1 pair of boots
Stlth    ..........             (no amulet)
HPRegen  0.25/turn              e - ring of protection from cold
MPRegen  0.14/turn              (no ring)

@: lethally poisoned (-4 -> -14), flying, very slightly contaminated, invisible
A: permanent stasis, dig shafts and tunnels, four strong arms, antennae 3
a: Dig, Shaft Self, Stomp, Renounce Religion


You were on level 9 of the Dungeon.
You worshipped Uskayaw.
Uskayaw was noncommittal.
You were not hungry.

You visited 2 branches of the dungeon, and saw 10 of its levels.

You collected 375 gold pieces.

Inventory:

Hand Weapons
 a - a +1 quarterstaff (weapon)
 r - a +2 short sword of holy wrath
 u - a +2 dagger of electrocution
Missiles
 g - 62 sling bullets
 i - 236 stones (quivered)
 t - 18 poisoned darts
Armour
 b - a +0 scale mail (worn)
 c - a +0 shield (worn)
 h - a +1 pair of boots (worn)
 n - a +2 robe of fire resistance
Jewellery
 e - a ring of protection from cold (left hand)
 y - an uncursed amulet of magic regeneration
Wands
 z - a wand of iceblast (5)
Scrolls
 j - 2 scrolls of enchant weapon
 k - 5 scrolls of remove curse
 o - 2 scrolls of magic mapping {unknown}
 q - 2 scrolls of amnesia {unknown}
 v - 3 scrolls of blinking {unknown}
 x - 2 scrolls of noise {unknown}
 B - a scroll of immolation {unknown}
 C - a scroll of holy word {unknown}
 D - a scroll of enchant armour
Potions
 l - a potion of magic
 m - 2 potions of ambrosia
 p - 2 potions of resistance
 w - a potion of mutation
 E - a potion of invisibility
 F - a potion of agility {unknown}
Comestibles
 d - 9 chunks of flesh
 f - 14 rations


   Skills:
 + Level 9.7 Fighting
 * Level 11.8 Staves
 - Level 3.2 Armour
 + Level 5.1 Shields
 + Level 5.9 Invocations


You had 10 spell levels left.
You didn't know any spells.
Your spell library contained the following spells:

 Spells                   Type           Power        Failure   Level  Hunger
 Animate Skeleton         Necr           N/A          93%         1    ##.....
 Apportation              Tloc           #.....       93%         1    ##.....
 Confusing Touch          Hex            #.....       93%         1    ##.....
 Summon Small Mammal      Summ           #...         93%         1    ##.....
 Call Imp                 Summ           #.......     98%         2    ###....
 Call Canine Familiar     Summ           #.......     100%        3    ####...
 Confuse                  Hex            #.......     100%        3    ####...
 Gell's Gravitas          Tloc           #.........   100%        3    ####...
 Summon Guardian Golem    Hex/Summ       #.......     100%        3    ####...
 Petrify                  Tmut/Erth      #.......     100%        4    #####..
 Summon Ice Beast         Ice/Summ       #.......     100%        4    #####..
 Summon Lightning Spire   Summ/Air       #.......     100%        4    #####..
 Metabolic Englaciation   Hex/Ice        #.........   100%        5    ######.
 Yara's Violent Unravell  Hex/Tmut       #.........   100%        5    ######.


Dungeon Overview and Level Annotations

Branches:
Dungeon (9/15)             Temple (1/1) D:6
   Lair: D:8-11         Orc: D:9-12

Altars:
Ashenzari
Dithmenos
Fedhas
Gozag
Hepliaklqana
Makhleb
Nemelex Xobeh
Okawaru
Qazlal
Ru
Sif Muna
Trog
Uskayaw
Vehumet
Wu Jian
Xom
Zin
The Shining One

Annotations:
D:2 exclusion: 2 downstairs
D:3 Grinder
D:7 exclusion: downstairs


Innate Abilities, Weirdness & Mutations

You cannot be hasted, slowed, berserked, paralysed or teleported.
You can dig through walls and to a lower floor.
Your four strong arms can wield two-handed weapons with a shield.
You have a pair of large antennae on your head. (SInv)


Message History

* * * LOW HITPOINT WARNING * * *
You are lethally poisoned!
An ice beast comes into view.
You block the orc's attack.
The centaur unwields a +0 shortbow.
The centaur hits you.
* * * LOW HITPOINT WARNING * * *
You fade into invisibility!
* * * LOW HITPOINT WARNING * * *
You feel sick.
The orc priest invokes the aid of Beogh against you.
You resist with significant effort.
The orc warrior hits you but does no damage.
You block the centaur's attack. The orc closely misses you.
You are very lightly contaminated with residual magic.
* * * LOW HITPOINT WARNING * * *
You feel sick.
* * * LOW HITPOINT WARNING * * *
You feel sick.
The centaur wields a +0 shortbow.
The centaur shoots an arrow.
The arrow hits you!
You die...

#)#......#.........#
##.(......#.........##
#..(.....>'...........
###(#.....#.......<...
#.#.....+...........
#####.#.....#...........
#...ooo......#####......
#.###c.......# #......
#..@.....# #######
#..Y.....# #........#
####'##### .# .. ...
....


You could see an orc warrior, an ice beast, a centaur, an orc priest and an orc.

Vanquished Creatures
  Pikel (D:7)
  Psyche (D:8)
  A hippogriff (D:4)
  Prince Ribbit (D:7)
  Sigmund (D:5)
  3 yaks (D:9)
  Menkaure (D:5)
  2 ice beasts
  3 sky beasts
  An orc warrior (D:7)
  A black bear (D:8)
  2 eyes of draining (D:3)
  A phantom (D:5)
  An ogre (D:7)
  3 centaurs
  A crocodile (D:9)
  Blork the orc (D:5)
  5 bullfrogs
  A gnoll sergeant (D:8)
  A wyvern skeleton (D:6)
  5 scorpions
  3 killer bees (D:7)
  7 wights
  A howler monkey (D:9)
  2 crimson imps
  A bullfrog zombie (D:6)
  2 jellies (D:6)
  A bullfrog skeleton (D:4)
  A centaur skeleton (D:4)
  3 orc priests
  A hound (D:6)
  8 orc wizards
  Natasha (thrice) (D:3)
  3 iguanas
  8 worker ants
  5 hound skeletons
  A howler monkey zombie (D:7)
  2 worker ant zombies
  4 gnolls
  A howler monkey skeleton (D:6)
  10 adders
  3 worms
  A dart slug (D:2)
  2 leopard geckos
  22 orcs
  A ball python (D:4)
  8 bats
  4 giant cockroaches
  5 goblins
  4 hobgoblins
  6 jackals
  3 kobolds (D:3)
  3 quokkas
  4 frilled lizards
  4 rats
174 creatures vanquished.

Vanquished Creatures (others)
  A slave (D:8)
  A worker ant (D:8)
  2 gnolls
4 creatures vanquished.

Grand Total: 178 creatures vanquished

Notes
Turn   | Place    | Note
-------+----------+-------------------------------------------
     0 | D:1      | nightchill the Formicid Fighter began the quest for the
                  | Orb.
     0 | D:1      | Reached XP level 1. HP: 18/18 MP: 1/1
    39 | D:1      | You fall into a shaft and drop 1 floor!
    39 | D:2      | Found a sacrificial altar of Ru.
    83 | D:2      | Reached XP level 2. HP: 8/24 MP: 2/2
   377 | D:2      | Reached XP level 3. HP: 30/30 MP: 3/3
   561 | D:2      | Reached skill level 3 in Staves
   767 | D:2      | Reached XP level 4. HP: 33/37 MP: 4/4
  1091 | D:3      | Noticed Natasha
  1101 | D:3      | Killed Natasha
  1415 | D:3      | Reached skill level 4 in Staves
  1415 | D:3      | Reached XP level 5. HP: 22/42 MP: 5/5
  1798 | D:3      | Noticed Natasha
  1803 | D:3      | Killed Natasha
  1895 | D:3      | Noticed Natasha
  1906 | D:3      | Killed Natasha
  2236 | D:3      | Reached XP level 6. HP: 25/50 MP: 6/6
  2440 | D:3      | Reached skill level 5 in Staves
  2577 | D:3      | Found a glowing silver altar of Zin.
  2619 | D:3      | Noticed Grinder
  2823 | D:3      | Reached skill level 5 in Fighting
  2913 | D:3      | Found a bloodstained altar of Trog.
  2913 | D:3      | Noticed an eye of draining
  2913 | D:3      | Noticed an eye of draining
  2933 | D:3      | Killed an eye of draining
  2941 | D:3      | Killed an eye of draining
  2941 | D:3      | Reached skill level 6 in Staves
  2941 | D:3      | Reached XP level 7. HP: 56/56 MP: 0/7
  3896 | D:4      | Noticed a hippogriff
  3909 | D:4      | Killed a hippogriff
  3909 | D:4      | Reached skill level 7 in Staves
  3909 | D:4      | Reached XP level 8. HP: 21/64 MP: 8/8
  4351 | D:5      | Entered Level 5 of the Dungeon
  4481 | D:5      | Noticed Blork the orc
  4496 | D:5      | Killed Blork the orc
  4506 | D:5      | Reached skill level 8 in Staves
  4781 | D:5      | Noticed Sigmund
  4786 | D:5      | Killed Sigmund
  4787 | D:5      | Noticed Menkaure
  4792 | D:5      | Killed Menkaure
  4792 | D:5      | Reached XP level 9. HP: 59/72 MP: 9/9
  4899 | D:5      | Reached skill level 9 in Staves
  5581 | D:6      | Found a staircase to the Ecumenical Temple.
  5587 | Temple   | Entered the Ecumenical Temple
  5674 | Temple   | Became a worshipper of Uskayaw the Reveler
  5720 | D:6      | Reached * piety under Uskayaw
  5757 | D:6      | Reached ** piety under Uskayaw
  5760 | D:6      | Reached skill level 1 in Invocations
  6017 | D:6      | Reached *** piety under Uskayaw
  6076 | D:6      | Reached skill level 10 in Staves
  7242 | D:7      | Found a shattered altar of Ashenzari.
  7345 | D:7      | Noticed Prince Ribbit
  7357 | D:7      | Killed Prince Ribbit
  7357 | D:7      | Reached XP level 10. HP: 82/82 MP: 12/12
  7359 | D:7      | Reached **** piety under Uskayaw
  7912 | D:7      | Reached skill level 11 in Staves
  7914 | D:7      | Found an ornate altar of the Wu Jian Council.
  8003 | D:7      | Found an iron altar of Okawaru.
  8227 | D:8      | Noticed Pikel
  8240 | D:7      | Killed Pikel
  8240 | D:7      | Reached skill level 5 in Invocations
  8606 | D:8      | Found an opulent altar of Gozag.
  8671 | D:8      | Found a blossoming altar of Fedhas.
  8672 | D:8      | Noticed Psyche
  8674 | D:8      | Found a stormy altar of Qazlal.
  8683 | D:8      | Killed Psyche
  9185 | D:8      | Noticed a two-headed ogre
  9798 | D:9      | Reached skill level 5 in Shields
  9800 | D:9      | Reached ***** piety under Uskayaw
  9801 | D:9      | Reached XP level 11. HP: 69/90 MP: 15/15
  9957 | D:9      | Shot with an arrow by a centaur

Levels and vault maps discovered:
D:1:      sevenhm_arrival_forest_fort_small_3, layout_rooms
D:2:      layout_loops_corners, nicolae_ru_awakened_eye
D:3:      wad_crossroads, layout_loops_ring, overflow_temple_1_default,
          trog_eyes_of_draining, uniq_natasha, uniq_grinder
D:4:      minmay_chambers_of_threes, layout_basic
D:5:      layout_cave_pools, first_ration, hangedman_decor_clover_reticule,
          kennysheep_small_spiral, uniq_menkaure, uniq_blork_the_orc,
          uniq_sigmund
D:6:      layout_layer_cave, minmay_temple_entry_glass
D:7:      layout_loops_cross, nicolae_ashenzari_panopticon,
          nicolae_overflow_crystal_walls, kennysheep_little_box,
          uniq_prince_ribbit1
D:8:      layout_rooms, grunt_temple_overflow_forces_of_nature,
          nicolae_gozag_seed_capital, uniq_pikel, uniq_psyche
D:9:      layout_basic, lemuel_mausoleum_altar_kikubaaqudgha, marbit_many_paths,
          lemuel_crystal_altar, elyvilon_altar_4, lair_entry_dummy
Temple:   eino_wide_crystal_templ

Skill      XL: |  1  2  3  4  5  6  7  8  9 10 |
---------------+-------------------------------+-----
Staves         | 3 4 6 7 8 10 11 | 11.8
Fighting       | 4 5 6 7 8 9 |  9.7
Invocations    | 3 5 |  5.9
Shields        | 5 |  5.1
Armour         | |  3.2

Action                   |  1- 3 |  4- 6 |  7- 9 | 10-12 || total
-------------------------+-------+-------+-------+-------++-------
Melee: Quarterstaff      |    71 |   176 |   295 |   225 ||   767
Invok: Line Pass         |       |       |       |     1 ||     1
 Abil: Dig               |       |     2 |     4 |     1 ||     7
Evoke: Wand              |       |       |     4 |       ||     4
  Use: Scroll            |       |       |     9 |     5 ||    14
       Potion            |       |       |     1 |     3 ||     4
 Stab: Paralysed         |       |       |     3 |     8 ||    11
  Eat: Chunk             |       |     7 |     8 |     8 ||    23
       Ration            |       |       |     2 |       ||     2
Armor: Scale mail        |    29 |    47 |    81 |    61 ||   218
Dodge: Dodged            |    14 |    39 |    59 |    48 ||   160
Block: Shield            |    36 |    80 |    94 |   101 ||   311
